ORI
UNIVERSITY OF VIRGINIA CAVALIERS @ UNIVERSITY OF NEBRASKA CORNHUSKERS
09/29/2047
 
TOP OF THE 1ST
University of Virginia Cavaliers batting - Pitching for University of Nebraska Cornhuskers : RHP Santos Arevalo
Pitching: RHP Santos Arevalo
Batting: RHB Luke Bertrand 0-0: Ball
1-0: Called Strike
1-1: SINGLE (Line Drive, 7LM, EV 108.1 MPH)
Batting: RHB Jose Velez 0-0: DOUBLE (Line Drive, 7LD, EV 101.9 MPH)
Luke Bertrand to third
Runner from 3rd tries for Home, throw by LF and OUT! 7-6-2
Batting: RHB Pedro Lopez 0-0: Ball
1-0: Swinging Strike
1-1: Foul Ball, location: 2F
1-2: SINGLE (Groundball, 4MD, EV 104.4 MPH)
Jose Velez to third
Runner from 3rd tries for Home, SAFE, throw by CF to home
Batting: LHB Alex Aguilar 0-0: Foul Ball, location: 2F
0-1: Called Strike
0-2: Ball
1-2: 2-RUN HOME RUN (Flyball, 89XD, EV 105.6 MPH), Distance : 398 ft
Batting: RHB Jason Lambert 0-0: Called Strike
0-1: Foul Ball, location: 2F
0-2: Ball
1-2: Strikes out looking
Batting: LHB Josh Glass 0-0: Called Strike
0-1: Fly out, F8 (Flyball, 78D, EV 78.8 MPH)
Top of the 1st over - 3 runs, 4 hits, 0 errors, 0 left on base; University of Virginia 3 - University of Nebraska 0
BOTTOM OF THE 1ST
University of Nebraska Cornhuskers batting - Pitching for University of Virginia Cavaliers : LHP Cory Byler
Pitching: LHP Cory Byler
Batting: SHB Gary Luckwell 0-0: Ball
1-0: Called Strike
1-1: Ball
2-1: Ball
3-1: Base on Balls
Batting: RHB Jeremy Weaver 0-0: Ball
Gary Luckwell is caught stealing 2nd base 2-4
1-0: Ball
2-0: Ground out 5-3 (Groundball, 56, EV 84.4 MPH)
Batting: RHB Chris Anthony 0-0: Called Strike
0-1: Ball
1-1: Foul Ball, location: 2F
1-2: Foul Ball, location: 2F
1-2: Ball
2-2: Foul Ball, location: 2F
2-2: Ground out 6-3 (Groundball, 6, EV 86.9 MPH)
Bottom of the 1st over - 0 runs, 0 hits, 0 errors, 0 left on base; University of Virginia 3 - University of Nebraska 0
TOP OF THE 2ND
University of Virginia Cavaliers batting - Pitching for University of Nebraska Cornhuskers : RHP Santos Arevalo
Batting: RHB Alex Ruschin 0-0: Called Strike
0-1: Called Strike
0-2: Ball
1-2: Strikes out swinging
Batting: LHB Ray Nichter 0-0: Called Strike
0-1: Called Strike
0-2: SINGLE (Groundball, 4D, EV 105.6 MPH)
Batting: SHB Ethan Lewis 0-0: Called Strike
0-1: Ball
1-1: Fly out, F8 (Flyball, 8LD, EV 101.9 MPH)
Batting: RHB Luke Bertrand 0-0: Ball
Ray Nichter is caught stealing 2nd base 2-4
Top of the 2nd over - 0 runs, 1 hit, 0 errors, 0 left on base; University of Virginia 3 - University of Nebraska 0
BOTTOM OF THE 2ND
University of Nebraska Cornhuskers batting - Pitching for University of Virginia Cavaliers : LHP Cory Byler
Batting: RHB Jason Blakeley 0-0: Ball
1-0: Called Strike
1-1: Ball
2-1: Foul Ball, location: 2F
2-2: Strikes out swinging
Batting: LHB Avicenna Abdul-Muta'al 0-0: Ball
1-0: Ball
2-0: Ground out 4-3 (Groundball, 34D, EV 97.5 MPH)
Batting: RHB Salvador Guillen 0-0: Swinging Strike
0-1: Ground out 6-3 (Groundball, 56, EV 75.6 MPH)
Bottom of the 2nd over - 0 runs, 0 hits, 0 errors, 0 left on base; University of Virginia 3 - University of Nebraska 0
TOP OF THE 3RD
University of Virginia Cavaliers batting - Pitching for University of Nebraska Cornhuskers : RHP Santos Arevalo
Batting: RHB Luke Bertrand 0-0: Ball
1-0: Ball
2-0: Ground out 4-3 (Groundball, 34, EV 103.1 MPH)
Batting: RHB Jose Velez 0-0: Ball
1-0: Called Strike
1-1: Swinging Strike
1-2: Ball
2-2: Strikes out swinging
Batting: RHB Pedro Lopez 0-0: Ball
1-0: Ball
2-0: SINGLE (Groundball, 34S, EV 68.1 MPH) (infield hit)
Batting: LHB Alex Aguilar 0-0: Foul Ball, location: 2F
0-1: Called Strike
0-2: Ball
1-2: Fly out, F7 (Flyball, 78M, EV 84.4 MPH)
Top of the 3rd over - 0 runs, 1 hit, 0 errors, 1 left on base; University of Virginia 3 - University of Nebraska 0
BOTTOM OF THE 3RD
University of Nebraska Cornhuskers batting - Pitching for University of Virginia Cavaliers : LHP Cory Byler
Batting: RHB Aidan Collet 0-0: Fly out, F6 (Popup, 6D, EV 70.6 MPH)
Batting: RHB Tariq Garane 0-0: Ground out 4-3 (Groundball, 34, EV 82.5 MPH)
Batting: SHB Phil Roper 0-0: Called Strike
0-1: Called Strike
0-2: Foul Ball, location: 2F
0-2: Ball
1-2: Foul Ball, location: 2F
1-2: Strikes out swinging
Bottom of the 3rd over - 0 runs, 0 hits, 0 errors, 0 left on base; University of Virginia 3 - University of Nebraska 0
TOP OF THE 4TH
University of Virginia Cavaliers batting - Pitching for University of Nebraska Cornhuskers : RHP Santos Arevalo
Batting: RHB Jason Lambert 0-0: Fly out, F8 (Flyball, 78M, EV 93.8 MPH)
Batting: LHB Josh Glass 0-0: Ball
1-0: Ball
2-0: Fly out, F7 (Flyball, 7LSF, EV 77.5 MPH)
Batting: RHB Alex Ruschin 0-0: SINGLE (Flyball, 89S, EV 91.9 MPH)
Batting: LHB Ray Nichter 0-0: Swinging Strike
0-1: Swinging Strike
0-2: Strikes out swinging
Top of the 4th over - 0 runs, 1 hit, 0 errors, 1 left on base; University of Virginia 3 - University of Nebraska 0
BOTTOM OF THE 4TH
University of Nebraska Cornhuskers batting - Pitching for University of Virginia Cavaliers : LHP Cory Byler
Batting: SHB Gary Luckwell 0-0: Fly out, F8 (Flyball, 8RD, EV 90.0 MPH)
Batting: RHB Jeremy Weaver 0-0: Ball
1-0: Foul Ball, location: 2F
1-1: Swinging Strike
1-2: Ball
2-2: Strikes out looking
Batting: RHB Chris Anthony 0-0: Ball
1-0: Foul Ball, location: 2F
1-1: Swinging Strike
1-2: Ball
2-2: Foul Ball, location: 2F
2-2: Ball
3-2: Base on Balls
Batting: RHB Jason Blakeley 0-0: Ball
Chris Anthony steals 2nd base (no throw)
1-0: Swinging Strike
1-1: Ball
2-1: Ball
3-1: Called Strike
3-2: Strikes out swinging
Bottom of the 4th over - 0 runs, 0 hits, 0 errors, 1 left on base; University of Virginia 3 - University of Nebraska 0
TOP OF THE 5TH
University of Virginia Cavaliers batting - Pitching for University of Nebraska Cornhuskers : RHP Santos Arevalo
Batting: SHB Ethan Lewis 0-0: Ball
1-0: Called Strike
1-1: Called Strike
1-2: Strikes out swinging
Batting: RHB Luke Bertrand 0-0: Called Strike
0-1: Called Strike
0-2: Foul Ball, location: 2F
0-2: Ball
1-2: Ball
2-2: Ball
3-2: SINGLE (Groundball, 6M, EV 90.6 MPH) (infield hit)
Batting: RHB Jose Velez 0-0: Ball
1-0: Ball
2-0: Ball
3-0: Base on Balls
Luke Bertrand to second
Batting: RHB Pedro Lopez 0-0: Ball
1-0: Foul Ball, location: 2F
1-1: Fly out, F8 (Flyball, 78M, EV 85.0 MPH)
Batting: LHB Alex Aguilar 0-0: Ball
1-0: Ball
2-0: Called Strike
2-1: Foul Ball, location: 2F
2-2: Strikes out swinging
Top of the 5th over - 0 runs, 1 hit, 0 errors, 2 left on base; University of Virginia 3 - University of Nebraska 0
BOTTOM OF THE 5TH
University of Nebraska Cornhuskers batting - Pitching for University of Virginia Cavaliers : LHP Cory Byler
Batting: LHB Avicenna Abdul-Muta'al 0-0: Ball
1-0: Ball
2-0: Ball
3-0: Base on Balls
Batting: RHB Salvador Guillen 0-0: Swinging Strike
0-1: Called Strike
0-2: Strikes out swinging
Batting: RHB Aidan Collet 0-0: Ball
1-0: Ball
2-0: Fly out, F7 (Line Drive, 78M, EV 109.4 MPH)
Batting: RHB Tariq Garane 0-0: Ball
Avicenna Abdul-Muta'al is caught stealing 2nd base 2-4
Bottom of the 5th over - 0 runs, 0 hits, 0 errors, 0 left on base; University of Virginia 3 - University of Nebraska 0
TOP OF THE 6TH
University of Virginia Cavaliers batting - Pitching for University of Nebraska Cornhuskers : RHP Santos Arevalo
Pitching: LHP Samuel Hulbert
Batting: RHB Jason Lambert 0-0: Ball
1-0: Ball
2-0: Ground out 6-3 (Groundball, 6, EV 91.2 MPH)
Pitching: RHP Doug Haas
Batting: LHB Josh Glass 0-0: Called Strike
0-1: Swinging Strike
0-2: Foul Ball, location: 2F
0-2: Ball
1-2: Ball
2-2: Foul Ball, location: 2F
2-2: Ball
3-2: Foul Ball, location: 2F
3-2: Foul Ball, location: 2F
3-2: SOLO HOME RUN (Flyball, 7D, EV 98.8 MPH), Distance : 374 ft
Batting: RHB Alex Ruschin 0-0: Ball
1-0: Called Strike
1-1: SINGLE (Groundball, 6D, EV 95.6 MPH)
Batting: LHB Ray Nichter 0-0: Ball
1-0: Ball
2-0: Ball
Alex Ruschin is caught stealing 2nd base 2-6
3-0: Called Strike
3-1: Swinging Strike
3-2: Base on Balls
Batting: SHB Ethan Lewis 0-0: Ball
Ray Nichter is caught stealing 2nd base 2-6
Top of the 6th over - 1 run, 2 hits, 0 errors, 0 left on base; University of Virginia 4 - University of Nebraska 0
BOTTOM OF THE 6TH
University of Nebraska Cornhuskers batting - Pitching for University of Virginia Cavaliers : LHP Cory Byler
Batting: RHB Tariq Garane 0-0: Called Strike
0-1: Ground out 4-3 (Groundball, 4, EV 86.9 MPH)
Batting: SHB Phil Roper 0-0: Ball
1-0: Ball
2-0: Foul Ball, location: 2F
2-1: Called Strike
2-2: Ball
3-2: Foul Ball, location: 2F
3-2: Foul Ball, location: 2F
3-2: Base on Balls
Batting: SHB Gary Luckwell 0-0: Ball
1-0: Called Strike
1-1: Fielders Choice at 2nd, 1-6 (Groundball, 13S, EV 66.9 MPH)
Batting: RHB Jeremy Weaver 0-0: Called Strike
0-1: Ball
Gary Luckwell steals 2nd base (no throw)
1-1: Foul Ball, location: 2F
1-2: Ground out 2-3 (Groundball, 2L, EV 64.4 MPH)
Bottom of the 6th over - 0 runs, 0 hits, 0 errors, 1 left on base; University of Virginia 4 - University of Nebraska 0
TOP OF THE 7TH
University of Virginia Cavaliers batting - Pitching for University of Nebraska Cornhuskers : RHP Doug Haas
Pitching: RHP Miguel Bustamante
Batting: SHB Ethan Lewis 0-0: Ball
1-0: Ball
2-0: Foul Ball, location: 2F
2-1: TRIPLE (Line Drive, 78XD, EV 108.1 MPH)
Batting: RHB Luke Bertrand 0-0: Ball
1-0: Foul Ball, location: 2F
1-1: SINGLE (Line Drive, 34D, EV 97.5 MPH)
Ethan Lewis scores
Batting: RHB Jose Velez 0-0: Fly out, F8 (Flyball, 78D, EV 101.9 MPH)
Batting: RHB Pedro Lopez 0-0: Fly out, F7 (Flyball, 7, EV 91.2 MPH)
Batting: LHB Alex Aguilar 0-0: Ball
1-0: Swinging Strike
1-1: Foul Ball, location: 2F
1-2: Ball
2-2: Foul Ball, location: 2F
2-2: Fly out, F8 (Flyball, 8RD, EV 103.8 MPH)
Top of the 7th over - 1 run, 2 hits, 0 errors, 1 left on base; University of Virginia 5 - University of Nebraska 0
BOTTOM OF THE 7TH
University of Nebraska Cornhuskers batting - Pitching for University of Virginia Cavaliers : LHP Cory Byler
Batting: RHB Chris Anthony 0-0: SINGLE (Groundball, 6MD, EV 105.6 MPH) (infield hit)
Batting: RHB Jason Blakeley 0-0: Foul Ball, location: 2F
0-1: Ball
1-1: Called Strike
Chris Anthony is caught stealing 2nd base 2-4
1-2: Foul Ball, location: 2F
1-2: Ball
2-2: Ball
3-2: Reached on error, E5 (Groundball, 56, EV 100.0 MPH)
Batting: LHB Avicenna Abdul-Muta'al 0-0: Ball
1-0: Ground out U3 (Groundball, 34, EV 84.4 MPH)
Jason Blakeley to third
Batting: RHB Salvador Guillen 0-0: Ball
1-0: Ball
2-0: Called Strike
2-1: Ball
3-1: Called Strike
3-2: Ground out U3 (Groundball, 3, EV 85.6 MPH)
Bottom of the 7th over - 0 runs, 1 hit, 1 error, 1 left on base; University of Virginia 5 - University of Nebraska 0
TOP OF THE 8TH
University of Virginia Cavaliers batting - Pitching for University of Nebraska Cornhuskers : RHP Miguel Bustamante
Batting: RHB Jason Lambert 0-0: Ball
1-0: SINGLE (Groundball, 6D, EV 105.0 MPH)
Batting: LHB Josh Glass 0-0: Ball
1-0: Foul Ball, location: 2F
1-1: Fielders Choice at 2nd, 4-6 (Groundball, 4S, EV 91.9 MPH)
Batting: RHB Alex Ruschin 0-0: Ball
1-0: Ball
2-0: Called Strike
2-1: Foul Ball, location: 2F
2-2: Foul Ball, location: 2F
2-2: Ball
3-2: Strikes out swinging
Batting: LHB Ray Nichter 0-0: Swinging Strike
0-1: Swinging Strike
0-2: Strikes out looking
Top of the 8th over - 0 runs, 1 hit, 0 errors, 1 left on base; University of Virginia 5 - University of Nebraska 0
BOTTOM OF THE 8TH
University of Nebraska Cornhuskers batting - Pitching for University of Virginia Cavaliers : LHP Cory Byler
Batting: RHB Aidan Collet 0-0: Fly out, F8 (Flyball, 8RM, EV 85.6 MPH)
Batting: RHB Tariq Garane 0-0: Called Strike
0-1: Called Strike
0-2: Ball
1-2: Strikes out swinging wild pitch, reaches first!
Batting: SHB Phil Roper 0-0: Ball
1-0: Ball
2-0: Foul Ball, location: 2F
2-1: Foul Ball, location: 2F
2-2: Foul Ball, location: 2F
2-2: Ball
3-2: Fly out, F8 (Flyball, 8LM, EV 85.0 MPH)
Batting: SHB Gary Luckwell 0-0: Foul Ball, location: 2F
0-1: Called Strike
0-2: Ball
1-2: Ball
2-2: Fielders Choice at 2nd, U4 (Groundball, 4M, EV 86.2 MPH)
Bottom of the 8th over - 0 runs, 0 hits, 0 errors, 1 left on base; University of Virginia 5 - University of Nebraska 0
TOP OF THE 9TH
University of Virginia Cavaliers batting - Pitching for University of Nebraska Cornhuskers : RHP Miguel Bustamante
Batting: SHB Ethan Lewis 0-0: Ball
1-0: Ball
2-0: Called Strike
2-1: Foul Ball, location: 2F
2-2: Strikes out swinging
Batting: RHB Luke Bertrand 0-0: Ball
1-0: Foul Ball, location: 2F
1-1: Swinging Strike
1-2: DOUBLE (Line Drive, 9LS, EV 100.6 MPH)
Pitching: RHP BastiĆ£o Barrocas
Batting: RHB Jose Velez 0-0: Ball
1-0: Ball
2-0: Called Strike
2-1: Fly out, F8 (Flyball, 8RM, EV 88.1 MPH)
Batting: RHB Pedro Lopez 0-0: Foul Ball, location: 2F
0-1: Called Strike
0-2: Ball
1-2: Ball
2-2: Ball
3-2: Fly out, F9 (Flyball, 89M, EV 90.0 MPH)
Top of the 9th over - 0 runs, 1 hit, 0 errors, 1 left on base; University of Virginia 5 - University of Nebraska 0
BOTTOM OF THE 9TH
University of Nebraska Cornhuskers batting - Pitching for University of Virginia Cavaliers : LHP Cory Byler
Pitching: LHP Bill Cenci
Batting: RHB Jeremy Weaver 0-0: Swinging Strike
0-1: Ball
1-1: Foul Ball, location: 2F
1-2: Ball
2-2: Ball
3-2: Base on Balls
Batting: RHB Chris Anthony 0-0: Ball
1-0: Ball
2-0: Ball
3-0: Base on Balls
Jeremy Weaver to second
Batting: RHB Jason Blakeley 0-0: Ball
1-0: Ball
2-0: Called Strike
2-1: SINGLE (Line Drive, 6D, EV 98.8 MPH)
Jeremy Weaver to third
Chris Anthony to second
Batting: LHB Avicenna Abdul-Muta'al 0-0: Foul Ball, location: 2F
0-1: Ball
1-1: Swinging Strike
1-2: Foul Ball, location: 2F
1-2: Foul Ball, location: 2F
1-2: Strikes out swinging
Batting: RHB Salvador Guillen 0-0: Ball
1-0: Called Strike
1-1: Ball
2-1: Ball
3-1: Swinging Strike
3-2: Strikes out swinging
Batting: RHB Aidan Collet 0-0: Ball
1-0: Fielders Choice at 2nd, U4 (Groundball, 4M, EV 105.6 MPH)
Bottom of the 9th over - 0 runs, 1 hit, 0 errors, 3 left on base; University of Virginia 5 - University of Nebraska 0
Thursday, December 15th , 2022 - OOTP Baseball 23.9 Build 102